 Dungeon Crawl Stone Soup version 0.14.1-26-g5a19342 (webtiles) character file.

2326 Kae the Covert (level 9, -2/39 HPs)
             Began as a Spriggan Enchanter on Aug 2, 2014.
             Engulfed by their own flame (19 damage)
             ... on Level 7 of the Dungeon.
             The game lasted 00:12:24 (7582 turns).

Kae the Covert (Spriggan Enchanter)                 Turns: 7582, Time: 00:12:24

HP  -2/39        AC  6     Str  7      XL: 9   Next:  2%
MP  27/27        EV 18     Int 17      God:
Gold 315         SH  0     Dex 16      Spells:  3 memorised, 15 levels left

rFire  . . .     SeeInvis +     a - +2,+1 dagger
rCold  . . .     Clarity  .     e - +1 robe
rNeg   . . .     Conserve .     (shield restricted)
rPois  .         rCorr    .     H - +2 hat
rElec  .         rRot     .     h - +0 cloak
SustAb . .       Spirit   .     (gloves unavailable)
rMut   .         Warding  .     (boots unavailable)
Saprov . . .     Stasis   .     (no amulet)
MR     +....                    (no ring)
                                (no ring)

@: lethally poisoned, very quick, somewhat resistant to hostile enchantments,
extremely stealthy
A: unfitting armour, see invisible, herbivore 3, speed 3, slow metabolism 2
a: no special abilities


You were on level 7 of the Dungeon.
You were hungry.

You visited 1 branch of the dungeon, and saw 7 of its levels.

You collected 315 gold pieces.

Inventory:

Hand weapons
 a - a +2,+1 dagger (weapon)
 b - a +0,+0 dagger
Missiles
 d - 12 darts (quivered)
Armour
 e - a +1 robe (worn)
 h - a +0 cloak (worn)
 H - a +2 hat (worn)
Magical devices
 r - a wand of digging (5)
 u - a wand of confusion (11)
 w - a wand of teleportation (2)
 A - a wand of lightning (0)
 D - a wand of magic darts (9)
 G - a wand of slowing (13)
Comestibles
 q - a pear
 z - 2 bread rations
Scrolls
 f - 3 scrolls of teleportation
 j - 4 scrolls of identify
 o - 3 scrolls of remove curse
 t - a scroll of blinking
Jewellery
 p - an uncursed amulet of resist mutation {unknown}
Potions
 g - 2 potions of curing
 k - a potion of haste {unknown}
 l - a potion of cure mutation {unknown}
 m - a potion of mutation {unknown}
 n - 4 potions of brilliance
 s - a potion of heal wounds {unknown}
 v - 2 potions of agility {unknown}
 x - 2 potions of might {unknown}
 B - a potion of berserk rage {unknown}
 F - a potion of magic {unknown}
Books
 c - a book of Maledictions

   Spells                             Type                      Level
   *Corona                            Hexes                        1
   Sure Blade                         Hexes/Charms                 2
   *Ensorcelled Hibernation           Hexes/Ice                    2
   *Confuse                           Hexes                        3
   Enslavement                        Hexes                        4
   Invisibility                       Hexes                        6
 y - a book of Flames

   Spells                             Type                      Level
   Flame Tongue                       Conjuration/Fire             1
   Throw Flame                        Conjuration/Fire             2
   Conjure Flame                      Conjuration/Fire             3
   Inner Flame                        Hexes/Fire                   3
   Sticky Flame                       Conjuration/Fire             4
   Fireball                           Conjuration/Fire             5


   Skills:
 * Level 7.3 Short Blades
 - Level 1.1 Throwing
 - Level 3.0 Dodging
 * Level 10.7 Stealth
 + Level 6.5 Spellcasting
 + Level 6.9 Hexes


You had 15 spell levels left.
You knew the following spells:

 Your Spells              Type           Power        Failure   Level  Hunger
a - Corona                Hex            ####...      1%          1    None
b - Ensorcelled Hibernat  Hex/Ice        ###...       4%          2    None
c - Confuse               Hex            ####....     1%          3    ##.....


Dungeon Overview and Level Annotations

Branches:
Dungeon (7/15)
 Temple: D:4-7

Altars:
Cheibriados
Trog
Yredelemnul
Zin

Shops:
D:4 =   D:7 [


Innate Abilities, Weirdness & Mutations

You are tiny and cannot use many weapons and most armour.
You have supernaturally acute eyesight.
You are a herbivore.
You cover ground extremely quickly.
You need consume almost no food.


Message History

You feel sick.
A slave comes into view.
The kobold shoots a poisoned needle.
The poisoned needle misses you.
The poisoned needle hits the plant.
Really walk into that cloud of flame?
Okay, then.
Unknown command.
The kobold shoots a poisoned needle.
The poisoned needle hits you!
You see here a poisoned needle.
You feel sick.
Unknown command.
You hit the plant but do no damage.
The kobold shoots a poisoned needle.
The poisoned needle hits you!
You are more poisoned.
You are engulfed in roaring flames.
One of your 5 scrolls of identify catches fire!
Your scroll of fog catches fire!
You feel sick.
The kobold shoots a poisoned needle.
The poisoned needle misses you.
You are engulfed in roaring flames.
You die...

######## ######
##......####PP.PP.
##....#..##♣P♣P♣ P.
###....#####§@♣.♣...P♣
#..[..####P§§§♣K.P....
##.....###♣(§§%♣KK.....
###....####♣.P♣♣♣KKK@...
#.....####P.####K♣KP....
#....####..##..##KP♣♣...
.....#...###...# ♣..♣♣♣
...###.####...## #.♣
..##....#.....# P.


You could see a big kobold, a slave and 8 kobolds.

Vanquished Creatures
  Prince Ribbit (D:6)
  Edmund (D:7)
  A water moccasin (D:6)
  2 black bears
  2 sky beasts
  2 ogres
  Sigmund (D:6)
  A centaur (D:7)
  A hippogriff zombie (D:5)
  A scorpion (D:4)
  A crimson imp (D:6)
  A jelly (D:6)
  A hound (D:5)
  A goliath beetle (D:7)
  Crazy Yiuf (D:6)
  4 orc priests
  5 orc wizards
  Natasha (twice) (D:6)
  5 worker ants
  5 gnolls (D:5)
  2 big fish zombies (D:4)
  6 adders
  2 giant mites
  3 worms
  An iguana zombie (D:5)
  An orc skeleton (D:5)
  A giant eyeball (D:4)
  A giant gecko (D:3)
  2 oozes (D:1)
  13 orcs
  7 bats
  17 hobgoblins
  9 jackals
  17 kobolds
  A quokka (D:2)
  2 ball pythons (D:2)
  7 giant cockroaches
  4 giant newts
  8 goblins
  A quokka zombie (D:5)
  9 rats
  A rat zombie (D:5)
  5 plants (D:7)
159 creatures vanquished.

Vanquished Creatures (others)
  A bush (D:5)
  A plant (D:7)
2 creatures vanquished.

Grand Total: 161 creatures vanquished

Notes
Turn   | Place    | Note
--------------------------------------------------------------
     0 | D:1      | Kae, the Spriggan Enchanter, began the quest for the Orb.
     0 | D:1      | Reached XP level 1. HP: 9/9 MP: 4/4
   204 | D:1      | Reached XP level 2. HP: 1/13 MP: 7/7
   612 | D:1      | Reached skill level 4 in Stealth
   804 | D:1      | Reached XP level 3. HP: 16/16 MP: 9/9
   997 | D:2      | Found a bloodstained altar of Trog.
  1053 | D:2      | Learned a level 2 spell: Ensorcelled Hibernation
  1057 | D:2      | Learned a level 3 spell: Confuse
  1281 | D:2      | Reached XP level 4. HP: 21/21 MP: 9/13
  1341 | D:2      | Reached skill level 5 in Stealth
  1542 | D:3      | Found a glowing silver altar of Zin.
  2315 | D:3      | Noticed an ogre
  2508 | D:3      | Reached XP level 5. HP: 21/24 MP: 3/16
  2758 | D:3      | Killed an ogre
  2758 | D:3      | Reached skill level 6 in Stealth
  2973 | D:3      | Reached XP level 6. HP: 28/28 MP: 17/20
  3626 | D:4      | Paralysed by a giant eyeball for 2 turns
  3635 | D:4      | Paralysed by a giant eyeball for 3 turns
  3659 | D:4      | Reached skill level 7 in Stealth
  4496 | D:4      | Found Daetoini's Jewellery Boutique.
  4779 | D:4      | Found a basalt altar of Yredelemnul.
  4840 | D:5      | Entered Level 5 of the Dungeon
  4914 | D:5      | Reached skill level 5 in Hexes
  4914 | D:5      | Reached XP level 7. HP: 28/32 MP: 22/22
  5026 | D:5      | Reached skill level 5 in Spellcasting
  5494 | D:5      | Reached skill level 8 in Stealth
  5548 | D:5      | Reached skill level 5 in Short Blades
  6416 | D:6      | Noticed Sigmund
  6421 | D:6      | Killed Sigmund
  6421 | D:6      | Reached skill level 9 in Stealth
  6421 | D:6      | Reached XP level 8. HP: 36/36 MP: 24/24
  6503 | D:6      | Noticed Prince Ribbit
  6529 | D:6      | Killed Prince Ribbit
  6570 | D:6      | Reached skill level 10 in Stealth
  6618 | D:6      | Noticed Natasha
  6627 | D:6      | Killed Natasha
  6709 | D:6      | Noticed Crazy Yiuf
  6715 | D:6      | Killed Crazy Yiuf
  6828 | D:6      | Found a snail-covered altar of Cheibriados.
  6899 | D:6      | Noticed Natasha
  6907 | D:6      | Killed Natasha
  6968 | D:7      | Found Kugud's Armour Shop.
  7085 | D:7      | Noticed Edmund
  7091 | D:7      | Killed Edmund
  7218 | D:7      | Reached XP level 9. HP: 35/39 MP: 27/27
  7582 | D:7      | Engulfed by their own flame

Action                   |  1- 3 |  4- 6 |  7- 9 || total
-------------------------+-------+-------+-------++-------
Melee: Dagger            |   142 |   222 |   482 ||   846
 Cast: Corona            |     4 |       |     1 ||     5
       Ensorcelled Hiber |     5 |    52 |    54 ||   111
       Confuse           |       |     3 |     5 ||     8
Evoke: Wand              |       |       |     7 ||     7
  Use: Potion            |       |     3 |     1 ||     4
       Scroll            |       |       |    10 ||    10
 Stab: Sleeping          |    15 |    32 |    39 ||    86
       Distracted        |     1 |       |       ||     1
       Confused          |       |     3 |     4 ||     7
